 Dungeon Crawl Stone Soup version bcrawl-1.34.4 (webtiles) character file.

Game seed: 6492577546150635146

493429 KristoblXynda the Fighter (level 13, -1/116 HPs)
             Began as a Green Draconian Monk on Oct 21, 2021.
             Was a High Priest of Cheibriados.
             Slain by an alligator (2 damage)
             ... while petrified by a basilisk
             ... on level 11 of the Dungeon.
             The game lasted 00:26:01 (13780 turns).

KristoblXynda the Fighter (Green Draconian Monk)   Turns: 13780, Time: 00:26:02

Health: -1/116     AC:  9    Str: 29    XL:     13   Next: 34%
Magic:  0/19       EV:  2    Int: 24    God:    Cheibriados [*****.]
Gold:   508        SH:  0    Dex: 28    Spells: 8/12 levels left

rFire    + . .     SeeInvis .     - Fists (25.4)
rCold    . . .     Gourm    .   v - +1 buckler
rNeg     + + +     Faith    .   (armour unavailable)
rPois    ∞         Spirit   +   a - +0 hat
rElec    .         Reflect  .   r - +0 cloak
rCorr    .         Harm     .   (no gloves)
MR       .....     Clarity  +   (no boots)
Stlth    +++.......             b - amulet of guardian spirit
HPRegen  0.29/turn              s - +2 ring of strength
MPRegen  0.16/turn              d - ring of protection from fire

@: petrified, very slow
A: breathe noxious fumes, unfitting armour, poison resistance, cold-blooded, AC
+8
a: Breathe Noxious Fumes, Bend Time, Defer, Temporal Distortion, Step From Time,
Renounce Religion


You were on level 11 of the Dungeon.
You worshipped Cheibriados.
Cheibriados was extremely pleased with you.
You were hungry.

You visited 3 branches of the dungeon, and saw 13 of its levels.

You collected 784 gold pieces.
You spent 276 gold pieces at shops.

Inventory:

Missiles
 x - 2 throwing nets (quivered) {=f}
Armour
 a - a +0 hat (worn)
 r - a +0 cloak (worn)
 v - a +1 buckler (worn)
Jewellery
 b - an amulet of guardian spirit (around neck)
 d - a ring of protection from fire (right hand)
 o - the ring "Wiazucih" {MP+9 Str+2 Dex-2 Stlth--}
   (You found it on level 3 of the Dungeon)

   [ring of attention]

   It affects your strength (+2).
   It affects your dexterity (-2).
   It affects your magic capacity (+9).
   It makes you much less stealthy.
 s - a +2 ring of strength (left hand)
Wands
 l - a wand of iceblast (9)
Scrolls
 g - 3 scrolls of magic mapping
 h - 2 scrolls of enchant armour
 j - 3 scrolls of enchant weapon
 m - 3 scrolls of teleportation
 q - 2 scrolls of remove curse
 y - 3 scrolls of immolation
 z - a scroll of blinking
 A - 2 scrolls of amnesia
Potions
 c - 3 potions of lignification
 f - a potion of cancellation
 k - 2 potions of heal wounds
 n - a potion of flight
 p - 2 potions of curing
 u - 3 potions of brilliance
 B - a potion of agility
Miscellaneous
 w - a box of beasts
Comestibles
 e - 21 rations {!d}
 i - 2 chunks of flesh


   Skills:
 - Level 11.2 Fighting
 + Level 10.4 Dodging
 - Level 2.0 Stealth
 - Level 5.0 Shields
 + Level 11.2 Unarmed Combat
 + Level 7.6 Poison Magic
 - Level 5.4 Invocations
 + Level 9.0 Evocations


You had 8 spell levels left.
You knew the following spells:

 Your Spells              Type           Power        Failure   Level  Hunger
a - Summon Scorpions      Summ/Pois      ###.....     50%         4    ######.

Your spell library contained the following spells:

 Spells                   Type           Power        Failure   Level  Hunger
 Sting                    Conj/Pois      ###.         6%          1    None
 Poisonous Vapours        Pois/Air       ###...       9%          2    ####...
 Olgreb's Toxic Radiance  Pois           #####....    12%         4    ######.
 Throw Frost              Conj/Ice       #.....       16%         2    ####...
 Flame Tongue             Conj/Fire      #....        26%         1    None
 Freeze                   Ice            #.....       26%         1    None
 Infusion                 Chrm           #.......     26%         1    None
 Ignite Poison            Fire/Tmut/Pois ##......     28%         3    #####..
 Conjure Flame            Conj/Fire      #.......     63%         3    #####..
 Ozocubu's Armour         Chrm/Ice       #.......     63%         3    #####..
 Venom Bolt               Conj/Pois      ###.......   85%         5    #######
 Ice Form                 Ice/Tmut       #.......     95%         4    ######.
 Summon Ice Beast         Ice/Summ       #.......     95%         4    ######.
 Throw Icicle             Conj/Ice       #.......     95%         4    ######.
 Bolt of Magma            Conj/Fire/Erth #.........   100%        5    #######
 Death Channel            Chrm/Necr      #.........   100%        6    #######


Dungeon Overview and Level Annotations

Branches:
Dungeon (11/12)            Temple (1/1) D:7            Lair (0/6) D:7
    Orc (1/1) D:10
    Elf: Orc:1       Vaults: D:11-12

Altars:
Ashenzari
Cheibriados
Dithmenos
Elyvilon
Fedhas
Gozag
Hepliaklqana
Kikubaaqudgha
Lugonu
Makhleb
Nemelex Xobeh
Okawaru
Qazlal
Ru
Sif Muna
Trog
Uskayaw
Vehumet
Wu Jian
Xom
Yredelemnul
Zin
The Shining One

Shops:
D:4 =   D:6 *   D:7 :

Annotations:
D:6 3 runed translucent doors, Quickbrownfox's ghost, novice MiAc; yrara's ghost, novice DsFi


Innate Abilities, Weirdness & Mutations

You can breathe blasts of noxious fumes.
Your lurid green scales are hard. (AC +8)
You cannot fit into any form of body armour.
Your system is resistant to poisons. (rPois)
You are cold-blooded and may be slowed by cold attacks.


Message History

The basilisk bites you!
* * * LOW HITPOINT WARNING * * *
The alligator bites you!
* * * LOW HITPOINT WARNING * * *
The alligator tail-slaps you.
* * * LOW HITPOINT WARNING * * *
The basilisk bites you!
* * * LOW HITPOINT WARNING * * *
The alligator bites you. The alligator tail-slaps you!
* * * LOW HITPOINT WARNING * * *
The basilisk bites you!
* * * LOW HITPOINT WARNING * * *
The alligator bites you!
* * * LOW HITPOINT WARNING * * *
The alligator tail-slaps you!
* * * LOW HITPOINT WARNING * * *
The alligator bites you!
* * * LOW HITPOINT WARNING * * *
The alligator tail-slaps you.
You die...

########## ##
#......@l# .#
#......#tll# .##
#......##l## ..##
#......# ...
#..#### #......#
###
##(...####......#
##.......###.###
###.....# #.#
#........###.#


You could see an alligator, a basilisk, an iguana and 2 leopard geckos.

Vanquished Creatures
  A catoblepas (D:9)
  3 two-headed ogres
  An ogre mage (D:11)
  2 lindwurms (D:11)
  2 ugly things
  An orc sorcerer (Orc)
  3 centaur zombies
  A gargoyle (D:8)
  A komodo dragon (D:6)
  A kobold demonologist (D:10)
  An efreet (D:10)
  2 demonic crawlers (D:11)
  3 trolls
  2 tyrant leeches (D:11)
  3 slime creatures (D:10)
  7 hippogriffs
  A meliai zombie (D:8)
  A vampire (D:11)
  19 yaks
  3 basilisks
  4 vampire mosquitoes (D:10)
  A steam dragon (D:8)
  3 hungry ghosts
  A warg (D:10)
  2 crocodiles
  3 porcupines (D:7)
  8 orc warriors
  2 ice beasts
  5 sky beasts
  An eye of draining (D:10)
  4 centaurs
  3 ogres
  2 bullfrogs
  Blork the orc (D:6)
  3 water moccasin zombies (D:6)
  A water moccasin skeleton (D:5)
  6 scorpions
  7 killer bees
  3 howler monkeys
  8 wights
  4 orc priests
  6 crimson imps
  7 bullfrog zombies
  3 bullfrog skeletons
  A quasit (D:6)
  4 hounds
  4 centaur skeletons
  4 iguanas
  9 orc wizards
  11 worker ants
  2 killer bee zombies (D:6)
  2 hound zombies
  3 hound skeletons
  A howler monkey skeleton (D:6)
  A worker ant zombie (D:6)
  4 gnolls (D:4)
  10 adders
  2 oozes
  7 adder skeletons
  9 worms
  A dart slug (D:3)
  8 leopard geckos
  40 orcs
  8 giant cockroaches
  4 goblins
  10 hobgoblins
  10 jackals
  8 kobolds
  7 quokkas
  3 ball pythons
  2 bats
  5 frilled lizards
  A jackal zombie (D:6)
  A quokka skeleton (D:4)
  A quokka zombie (D:5)
  7 rats
336 creatures vanquished.

Vanquished Creatures (collateral kills)
  A hydra (D:10)
  A slime creature (D:10)
  A warg (D:10)
  An iguana (D:10)
4 creatures vanquished.

Vanquished Creatures (others)
  A bush (D:8)
  A plant (D:7)
2 creatures vanquished.

Grand Total: 342 creatures vanquished

Notes
Turn   | Place    | Note
-------+----------+-------------------------------------------
     0 | D:1      | KristoblXynda the Draconian Monk began the quest for the
                  | Orb.
     0 | D:1      | Reached XP level 1. HP: 19/19 MP: 2/2
   135 | D:1      | Reached XP level 2. HP: 26/26 MP: 3/3
   947 | D:2      | Reached XP level 3. HP: 33/33 MP: 4/4
  1838 | D:3      | Found a sparkling altar of Nemelex Xobeh.
  1872 | D:3      | Reached XP level 4. HP: 38/40 MP: 5/5
  1932 | D:3      | Got a twitching steel ring
  1961 | D:3      | Identified the cursed ring "Wiazucih" {MP+9 Str+2 Dex-2
                  | Stlth--} (You found it on level 3 of the Dungeon)
  2204 | D:3      | Found a shimmering altar of Xom.
  2504 | D:4      | Reached XP level 5. HP: 40/47 MP: 4/6
  2647 | D:4      | Found Hityviekyo's Jewellery Shoppe.
  2683 | D:4      | Reached skill level 5 in Fighting
  2735 | D:4      | Reached XP level 6. HP: 53/56 MP: 5/7
  2911 | D:4      | Found a shattered altar of Ashenzari.
  2996 | D:4      | Reached skill level 5 in Unarmed Combat
  3100 | D:4      | Your scales start taking on a lurid green colour.
  3100 | D:4      | Reached XP level 7. HP: 44/62 MP: 8/8
  3100 | D:4      | Gained mutation: Your system is resistant to poisons.
                  | (rPois) [Green Draconian growth]
  3421 | D:4      | Reached skill level 5 in Dodging
  3699 | D:5      | Entered Level 5 of the Dungeon
  3779 | D:5      | Noticed a hungry ghost
  3796 | D:5      | Killed a hungry ghost
  3797 | D:5      | Reached skill level 1 in Shields
  4063 | D:5      | Reached XP level 8. HP: 42/71 MP: 3/9
  4348 | D:5      | Found a snail-covered altar of Cheibriados.
  4974 | D:6      | Found Noega's General Store.
  5238 | D:6      | Reached XP level 9. HP: 71/80 MP: 8/10
  5383 | D:6      | Noticed yrara's ghost (novice DsFi)
  5385 | D:6      | Found a runed translucent gate.
  5385 | D:6      | Noticed Quickbrownfox's ghost (novice MiAc)
  5386 | D:6      | Found a runed translucent gate.
  5539 | D:6      | Noticed a komodo dragon
  5561 | D:6      | Killed a komodo dragon
  5651 | D:6      | Reached skill level 5 in Shields
  5794 | D:6      | Found a runed translucent gate.
  5864 | D:6      | Noticed Blork the orc
  5875 | D:6      | Killed Blork the orc
  5953 | D:6      | Bought a box of beasts for 240 gold pieces
  5953 | D:6      | Bought a throwing net for 36 gold pieces
  6680 | D:7      | Found a glowing silver altar of Zin.
  6734 | D:7      | Reached XP level 10. HP: 87/91 MP: 11/11
  6760 | D:7      | Found a staircase to the Lair.
  6797 | D:7      | Reached skill level 1 in Evocations
  7162 | D:7      | Found a burning altar of Makhleb.
  7162 | D:7      | Found a sacrificial altar of Ru.
  7164 | D:7      | Found a shadowy altar of Dithmenos.
  7246 | D:7      | Found a staircase to the Ecumenical Temple.
  7262 | Temple   | Entered the Ecumenical Temple
  7786 | D:7      | Found Ablener's Book Shoppe.
  8134 | D:8      | Noticed a gargoyle
  8172 | D:8      | Killed a gargoyle
  8351 | D:8      | Noticed a two-headed ogre
  8533 | D:8      | Noticed a brown ugly thing
  8537 | D:8      | Noticed a two-headed ogre
  8571 | D:7      | Killed a brown ugly thing
  8572 | D:7      | Reached skill level 10 in Fighting
  8607 | D:8      | Found a bloodstained altar of Trog.
  8961 | D:8      | Found a shimmering blue altar of Sif Muna.
  8988 | D:8      | Killed a two-headed ogre
  8989 | D:8      | Reached XP level 11. HP: 101/101 MP: 14/14
  9256 | D:8      | Killed a two-headed ogre
  9909 | D:5      | Became a worshipper of Cheibriados the Contemplative
  9909 | D:5      | Reached * piety under Cheibriados
  9909 | D:5      | Reached ** piety under Cheibriados
 10201 | D:9      | Reached skill level 5 in Evocations
 10237 | D:9      | Reached skill level 10 in Unarmed Combat
 10475 | D:9      | Noticed a catoblepas
 10500 | D:9      | Killed a catoblepas
 10727 | D:9      | Noticed a brown ugly thing
 10743 | D:9      | Killed a brown ugly thing
 11153 | D:9      | Reached *** piety under Cheibriados
 11301 | D:9      | Found a glowing golden altar of the Shining One.
 11490 | D:9      | Learned a level 4 spell: Summon Scorpions
 11516 | D:10     | Entered Level 10 of the Dungeon
 11554 | D:10     | Reached skill level 1 in Poison Magic
 11617 | D:10     | Identified the Incunabulum of Boosts and the Arsonist
 12075 | D:10     | Reached skill level 5 in Poison Magic
 12075 | D:10     | Reached skill level 5 in Invocations
 12075 | D:10     | Reached XP level 12. HP: 102/110 MP: 15/18
 12237 | D:10     | Noticed a six-headed hydra
 12243 | D:10     | Killed a six-headed hydra
 12297 | D:10     | Reached XP level 13. HP: 114/116 MP: 17/19
 12529 | D:10     | Found a staircase to the Orcish Mines.
 12547 | D:10     | Reached skill level 10 in Dodging
 12550 | D:10     | Reached **** piety under Cheibriados
 12852 | Orc      | Entered the Orcish Mines
 13161 | D:11     | Reached ***** piety under Cheibriados
 13780 | D:11     | HP: 1/116 [alligator (6)]
 13780 | D:11     | Slain by an alligator

Skill      XL: |  1  2  3  4  5  6  7  8  9 10 11 12 13 |
---------------+----------------------------------------+-----
Dodging        | 3 4 5 6 7 8 9 10 | 10.4
Fighting       | 4 5 6 7 9 10 11 | 11.2
Unarmed Combat | 4 5 6 7 8 9 10 11 | 11.2
Shields        | 2 4 5 |  5.0
Evocations     | 4 8 9 |  9.0
Poison Magic   | 5 6 7 |  7.6
Invocations    | 5 |  5.4
Stealth        | |  2.0

Action                   |  1- 3 |  4- 6 |  7- 9 | 10-12 | 13-15 || total
-------------------------+-------+-------+-------+-------+-------++-------
Melee: Unarmed           |   145 |   168 |   537 |   526 |   238 ||  1614
       Tailslap          |    15 |    29 |   113 |   131 |    63 ||   351
       Punch             |     2 |     1 |     3 |       |       ||     6
 Abil: Breathe Noxious F |       |       |     7 |    15 |     3 ||    25
Evoke: Wand              |       |       |       |     2 |     4 ||     6
       Box of beasts     |       |       |       |     1 |     1 ||     2
  Use: Scroll            |     5 |     5 |     5 |     9 |     4 ||    28
       Potion            |       |       |     4 |     2 |     1 ||     7
 Stab: Sleeping          |     5 |     3 |     4 |     2 |     2 ||    16
       Confused          |       |       |    11 |    22 |     1 ||    34
       Distracted        |       |       |     2 |       |       ||     2
  Eat: Chunk             |     6 |     8 |    18 |    24 |    11 ||    67
       Ration            |       |       |     2 |     2 |       ||     4
Armor: Skin              |    25 |    37 |    95 |    68 |    41 ||   266
Dodge: Dodged            |    85 |   113 |   286 |   309 |   255 ||  1048
Block: Buckler           |       |       |    49 |   157 |   127 ||   333
